 Dungeon Crawl Stone Soup version 0.27.1-33-g824d729ab1 (webtiles) character file.

Game seed: 10767399109116067344

22 SensoryNuts the Skirmisher (level 2, -2/33 HPs)
             Began as an Ogre Monk on Dec 6, 2021.
             Was a Priest of Nemelex Xobeh.
             Slain by an iguana (13 damage)
             ... on level 4 of the Dungeon.
             The game lasted 00:01:43 (968 turns).

SensoryNuts the Skirmisher (Ogre Monk)               Turns: 968, Time: 00:01:43

Health: -2/33      AC:  3    Str: 14    XL:     2   Next: 91%
Magic:  2/2        EV: 10    Int: 11    God:    Nemelex Xobeh [***...]
Gold:   91         SH:  0    Dex: 11    Spells: 1/1 levels left

rFire    . . .     SeeInvis .   a - +0 hand axe
rCold    . . .     Faith    .   (no shield)
rNeg     . . .     Spirit   .   b - +0 robe
rPois    .         Reflect  .   (helmet restricted)
rElec    .         Harm     .   (no cloak)
rCorr    .         Rampage  .   (gloves unavailable)
Will     .....                  (boots unavailable)
Stlth    ++........             (no amulet)
HPRegen  0.11/turn              (no ring)
MPRegen  0.08/turn              (no ring)

@: no status effects
A: large, unfitting armour, tough skin 1
a: Renounce Religion, Draw Escape, Draw Destruction, Draw Summoning, Triple Draw


You were on level 4 of the Dungeon.
You worshipped Nemelex Xobeh.
Nemelex Xobeh was most pleased with you.
You visited 1 branch of the dungeon, and saw 3 of its levels.

You collected 91 gold pieces.

Inventory:

Hand Weapons
 a - a +0 hand axe (weapon)
Armour
 b - a +0 robe (worn)
Scrolls
 c - 2 scrolls of identify {unknown}
 f - a scroll of enchant armour {unknown}
Potions
 d - a potion of might {unknown}
 e - a potion of curing {unknown}


   Skills:
 + Level 4.4 Fighting
 + Level 3.2 Axes
 + Level 3.0 Dodging
 + Level 1.5 Stealth


You had one spell level left.
You didn't know any spells.
Your spell library contained the following spells:

 Spells                   Type           Power      Damage    Failure   Level
 Ignite Poison            Fire/Tmut/Pois 0%         N/A       71%         3
 Mephitic Cloud           Conj/Pois/Air  0%         N/A       71%         3
 Bolt of Magma            Conj/Fire/Erth 0%         4d4       100%        5


Dungeon Overview and Level Annotations

Branches:
Dungeon (2/15)

Altars:
Nemelex Xobeh


Innate Abilities, Weirdness & Mutations

You are too large for most types of armour.
You have tough skin. (AC +1)


Message History

There is a stone staircase leading down here.
You climb downwards.
There is a stone staircase leading up here.
You fall into a shaft and drop 2 floors!
The shaft crumbles and collapses.
Found a scroll labelled TYEBRAMIUD.
f - a scroll labelled TYEBRAMIUD
Found a stone staircase leading up.
An iguana comes into view.
An iguana is nearby!
An iguana is nearby!
You closely miss the iguana. The iguana misses you.
You hit the iguana but do no damage.
The iguana bites you but does no damage.
You hit the iguana.
The iguana is lightly wounded.
The iguana bites you but does no damage.
You closely miss the iguana.
The iguana is lightly wounded.
The iguana bites you!
You hit the iguana but do no damage.
The iguana is lightly wounded.
The iguana closely misses you. x2
You hit the iguana but do no damage.
The iguana is lightly wounded.
The iguana bites you but does no damage.
You hit the iguana but do no damage.
The iguana is lightly wounded.
The iguana misses you.
You hit the iguana but do no damage.
The iguana is lightly wounded.
The iguana barely misses you.
You hit the iguana.
The iguana is moderately wounded.
The iguana bites you!
You closely miss the iguana.
The iguana is moderately wounded.
The iguana bites you!
You die...
Your body glows with a rainbow of weird colours and disappears.

#.####.......#
#..####..###
##.## ....##
####..# #......
#.#..## ...#...
#....# ##..#...#
##...####......#
##...##.<....#
#......@l..#
##...###....#
##### #...#
#.#.# .# # #


You could see an iguana.

Vanquished Creatures
  A dart slug (D:1)
  6 endoplasms (D:1)
  A goblin (D:1)
  2 hobgoblins (D:1)
  3 kobolds (D:1)
  2 ball pythons (D:1)
  A frilled lizard (D:1)
  2 rats (D:1)
18 creatures vanquished.

Vanquished Creatures (others)
  A rat (D:1)
1 creature vanquished.

Grand Total: 19 creatures vanquished

Notes
Turn   | Place    | Note
-------+----------+-------------------------------------------
     0 | D:1      | SensoryNuts the Ogre Monk began the quest for the Orb.
     0 | D:1      | Reached XP level 1. HP: 24/24 MP: 1/1
   271 | D:1      | Reached XP level 2. HP: 32/32 MP: 2/2
   381 | D:1      | Found a faded altar of an unknown god.
   398 | D:1      | Became a worshipper of Nemelex Xobeh the Trickster
   398 | D:1      | Reached * piety under Nemelex Xobeh
   398 | D:1      | Received a gift from Nemelex Xobeh
   398 | D:1      | Reached ** piety under Nemelex Xobeh
   572 | D:1      | Reached *** piety under Nemelex Xobeh
   606 | D:1      | Received a gift from Nemelex Xobeh
   939 | D:2      | You fall into a shaft and drop 2 floors!
   968 | D:4      | Slain by an iguana

Illustrated notes

Levels and vault maps discovered:
D:1:      wander_arrival_fairy_ring, layout_rooms,
          shapermc_ecumenical_altar_venn, serial_curves, eino_curves_03,
          eino_curves_02, minmay_hedge_maze
D:2:      minmay_razor_zed, layout_basic, serial_aquarium,
          aquarium_bridge_long_separate [aquarium_subvault_bridge,
          aquarium_subvault_window, aquarium_subvault_window,
          aquarium_subvault_wall, aquarium_subvault_bridge,
          aquarium_subvault_bridge], aquarium_window_corner, aquarium_window_1,
          aquarium_view_2e, aquarium_view_2d, aquarium_pool_corner
D:4:      layout_layer_cave, kennysheep_generic_room_15

Skill      XL: |  1  2 |
---------------+-------+-----
Dodging        | 3 |  3.0
Fighting       | |  4.4
Axes           | |  3.2
Stealth        | |  1.5

Action                   || total
-------------------------++-------
Melee: Hand axe          ||    65
Armor: Robe              ||    12
Dodge: Dodged            ||    38
